 Dungeon Crawl Stone Soup version 0.20.0-7-g3b7b877 (webtiles) character file.

448 McKennaii the Covert (level 7, -4/45 HPs)
             Began as an Octopode Assassin on May 29, 2017.
             Slain by an ogre
             ... wielding a +0 giant spiked club
              (31 damage)
             ... on level 4 of the Dungeon.
             The game lasted 00:03:42 (2768 turns).

McKennaii the Covert (Octopode Assassin)            Turns: 2768, Time: 00:03:42

Health: -4/45      AC:  1    Str: 11    XL:     7   Next: 4%
Magic:  7/7        EV: 14    Int: 13    God:
Gold:   144        SH:  0    Dex: 15    Spells: 6/6 levels left

rFire    . . .     SeeInvis .   a - +2 dagger
rCold    . . .     Gourm    .   (no shield)
rNeg     . . .     Faith    .   (helmet restricted)
rPois    .         Spirit   .   (no amulet)
rElec    .         Reflect  .   g - ring of loudness (curse)
rCorr    .         Harm     .   (no ring)
MR       .....                  (no ring)
Stlth    ++++......             (no ring)
Regen    0.2/turn               (no ring)
MPRegen  0.1/turn               (no ring)
                                (no ring)
                                (no ring)

@: no status effects
A: almost no armour, stealthy swim, amphibious, 8 rings, constrict 8, camouflage
1, gelatinous body 1
a: no special abilities


You were on level 4 of the Dungeon.
You were hungry.

You visited 1 branch of the dungeon, and saw 4 of its levels.

You collected 144 gold pieces.

Inventory:

Hand Weapons
 a - a +2 dagger (weapon)
 b - a +0 blowgun
Missiles
 c - 8 poisoned needles
 d - 2 curare-tipped needles
Jewellery
 g - a cursed ring of loudness (left tentacle)
Scrolls
 m - a scroll of teleportation
 q - a scroll of identify
Potions
 e - 5 potions of might
 i - 3 potions of curing {unknown}
 k - a potion of brilliance {unknown}
 n - a potion of haste {unknown}
 p - a potion of berserk rage {unknown}
Books
 l - a book of Cantrips

   Spells                             Type                      Level
   a - Confusing Touch                Hexes                        1
   b - Animate Skeleton               Necromancy                   1
   c - Summon Small Mammal            Summoning                    1
   d - Apportation                    Translocation                1
Comestibles
 f - 4 bread rations
 h - 2 royal jellies
 j - a fruit


   Skills:
 + Level 2.4 Fighting
 + Level 3.9 Short Blades
 + Level 2.2 Throwing
 + Level 2.1 Dodging
 + Level 9.4 Stealth


You had 6 spell levels left.
You didn't know any spells.

Dungeon Overview and Level Annotations

Branches:
Dungeon (4/15)
 Temple: D:4-7

Altars:


Innate Abilities, Weirdness & Mutations

You cannot wear most types of armour.
You are very stealthy in the water. (Stealth+)
You are amphibious.
You can wear up to eight rings at the same time.
You can use your tentacles to constrict eight enemies at once.
Your skin changes colour to match your surroundings (Stealth+).
Your rubbery body absorbs attacks. (AC +1, EV +1)


Message History

You closely miss the ogre. You squeeze the ogre.
The ogre is moderately wounded.
You hit the ogre.
The ogre is moderately wounded.
The ogre hits you with a giant spiked club!!
You hit the ogre.
The ogre is heavily wounded.
You hit the ogre.
The ogre is heavily wounded.
The ogre completely misses you.
You barely miss the ogre.
The ogre is heavily wounded.
You hit the ogre.
The ogre is severely wounded.
The ogre completely misses you.
You hit the ogre.
The ogre is severely wounded.
The ogre hits you with a giant spiked club!!
Ouch! That really hurt!
You die...

......############.#
.<...## #.# #...##
#.# ##### #.# #.#
#.# ##############
#.#
.............#####.#
############....@O.#
#########


You could see an ogre.

Vanquished Creatures
  Sigmund (D:2)
  An ogre (D:4)
  A hound (D:4)
  A worker ant (D:4)
  A hound skeleton (D:3)
  8 adders
  A shadow imp (D:4)
  A dart slug (D:2)
  3 leopard geckos
  7 orcs
  A giant cockroach (D:1)
  6 hobgoblins
  7 jackals
  2 quokkas
  A ball python (D:1)
  4 bats
  2 frilled lizards
  2 goblins (D:1)
  4 kobolds
  5 rats
59 creatures vanquished.

Notes
Turn   | Place    | Note
-------+----------+-------------------------------------------
     0 | D:1      | McKennaii the Octopode Assassin began the quest for the Orb.
     0 | D:1      | Reached XP level 1. HP: 14/14 MP: 1/1
   136 | D:1      | Reached XP level 2. HP: 19/19 MP: 2/2
   176 | D:1      | Reached skill level 6 in Stealth
   526 | D:2      | Reached XP level 3. HP: 22/24 MP: 3/3
   804 | D:2      | Noticed Sigmund
   813 | D:2      | Killed Sigmund
   813 | D:2      | Reached skill level 8 in Stealth
   813 | D:2      | Reached XP level 4. HP: 8/29 MP: 4/4
   813 | D:2      | Reached XP level 5. HP: 10/34 MP: 5/5
  1310 | D:3      | Reached XP level 6. HP: 39/39 MP: 6/6
  2229 | D:4      | Reached skill level 9 in Stealth
  2644 | D:4      | Reached XP level 7. HP: 45/45 MP: 7/7
  2768 | D:4      | Slain by an ogre

Skill      XL: |  1  2  3  4  5  6 |
---------------+-------------------+-----
Stealth        | 6 8 9 |  9.4
Short Blades   | 3 |  3.9
Dodging        | 2 |  2.1
Fighting       | |  2.4
Throwing       | |  2.2

Action                   |  1- 3 |  4- 6 |  7- 9 || total
-------------------------+-------+-------+-------++-------
Melee: Dagger            |    46 |    77 |    15 ||   138
       Constrict         |    10 |    18 |     1 ||    29
       Tentacles         |     9 |     9 |     2 ||    20
  Use: Scroll            |     3 |     3 |     1 ||     7
 Stab: Sleeping          |     8 |    11 |       ||    19
       Distracted        |       |     1 |       ||     1
  Eat: Chunk             |       |     5 |       ||     5
Armor: Skin              |     6 |     3 |       ||     9
Dodge: Dodged            |    33 |    39 |     8 ||    80
